 Dungeon Crawl Stone Soup version 0.30-a0-737-gf23d94013f (webtiles) character file.

Game seed: 17561477866333137555

12322 fernweh the Carver (level 11, -3/101 HPs)
             Began as a Minotaur Monk on Jan 13, 2023.
             Was a Believer of the Shining One.
             Slain by a boulder beetle (19 damage)
             ... on level 3 of the Lair of Beasts on Feb 2, 2023.
             The game lasted 00:56:55 (12062 turns).

fernweh the Carver (Minotaur Monk)                 Turns: 12062, Time: 00:56:56

Health: -3/101     AC: 11    Str: 23    XL:     11   Next: 60%
Magic:  12/12      EV: 19    Int:  7    God:    the Shining One [**....]
Gold:   190        SH:  0    Dex: 20    Spells: 10/10 levels left

rFire   . . .      SeeInvis +    D - +2 long sword (flame)
rCold   + + .      Faith    .    (no shield)
rNeg    + + .      Spirit   .    r - +1 leather armour of the Garden {rN+}
rPois   +          Reflect  .    (helmet restricted)
rElec   +          Harm     .    O - +1 cloak of Negoysaz {+Inv rElec SInv}
rCorr   .          Rampage  .    R - +2 pair of gloves of the Wild Haggis {rPois rC++ Str-2 SInv}
Will    +....                    (no boots)
Stlth   +                        i - amulet of the Shrike {Will+ Regen+}
HPRegen 1.16/turn                e - +6 ring of strength
MPRegen 0.13/turn                H - +6 ring of dexterity

@: about to teleport, glowing, studying Spellcasting
A: horns 2, retaliatory headbutt
a: Renounce Religion, Evoke Invisibility, Divine Shield


You were on level 3 of the Lair of Beasts.
You worshipped the Shining One.
The Shining One was pleased with you.
You visited 3 branches of the dungeon, and saw 13 of its levels.
You also visited: Bailey.

You collected 689 gold pieces.
You spent 499 gold pieces at shops.

Inventory:

Hand Weapons
 o - a +2 glaive of freezing
 x - a +2 great sword
 D - a +2 long sword of flaming (weapon)
 K - a +2 dagger of freezing
Missiles
 k - 6 javelins (quivered)
 G - 2 throwing nets
 I - 5 silver boomerangs
 J - 2 curare-tipped darts
 P - 7 boomerangs
Armour
 r - the +1 leather armour of the Garden (worn) {rN+}
   (You bought it in a shop on level 9 of the Dungeon)

   rN:        It protects you from negative energy.
 y - the +2 plate armour "Tutaxar" {Rampage rCorr Str+2 Dex-4}
   (You found it in a bailey)

   Str:       It affects your strength (+2).
   Dex:       It affects your dexterity (-4).
   rCorr:     It protects you from acid and corrosion.
   Rampage:   It bestows one free step when moving towards enemies.
 B - a +2 tower shield
 O - the +1 cloak of Negoysaz (worn) {+Inv rElec SInv}
   (You bought it in a shop on level 9 of the Dungeon)

   rElec:     It insulates you from electricity.
   SInv:      It lets you see invisible.
   +Inv:      It lets you turn invisible.
 R - the +2 pair of gloves of the Wild Haggis (worn) {rPois rC++ Str-2 SInv}
   (You acquired it in a bailey)

   Str:       It affects your strength (-2).
   rC:        It greatly protects you from cold.
   rPois:     It protects you from poison.
   SInv:      It lets you see invisible.
Jewellery
 e - a +6 ring of strength (left hand)
 h - an amulet of faith
 i - the amulet of the Shrike (around neck) {Will+ Regen+}
   (You acquired it on level 1 of the Lair of Beasts)

   [amulet of regeneration]

   Regen:     It increases your rate of health regeneration.
   Will:      It increases your willpower.
 l - an amulet of guardian spirit
 H - a +6 ring of dexterity (right hand)
Wands
 E - a wand of quicksilver (5)
 F - a wand of paralysis (13)
 M - a wand of flame (18)
 N - a wand of polymorph (11)
Scrolls
 b - a scroll of blinking {unknown}
 c - a scroll of amnesia
 j - 2 scrolls of magic mapping
 m - a scroll of teleportation
 t - a scroll of fear {unknown}
 L - a scroll of identify
Potions
 a - a potion of magic {unknown}
 d - 3 potions of brilliance
 f - 5 potions of flight
 g - a potion of experience {unknown}
 n - 4 potions of curing
 p - a potion of attraction {unknown}
 q - 3 potions of heal wounds
 s - 2 potions of degeneration {unknown}
 u - a potion of mutation {unknown}
 w - 2 potions of haste {unknown}
 z - 3 potions of resistance
 A - a potion of lignification {unknown}
 C - a potion of berserk rage {unknown}
 Q - a potion of cancellation {unknown}
Miscellaneous
 v - a lightning rod (4/4)


   Skills:
 + Level 10.8 Fighting
 + Level 14.0 Long Blades
 + Level 9.4 Armour
 + Level 10.0 Dodging
 - Level 2.3 Stealth
 + Level 2.7 Invocations


You had 10 spell levels left.
You didn't know any spells.
Your spell library contained the following spells:

 Spells                   Type           Power      Damage    Failure   Level
 Ensorcelled Hibernation  Hex/Ice        0%         N/A       61%         2
 Passwall                 Tmut/Erth      0%         N/A       61%         2
 Call Canine Familiar     Summ           0%         N/A       83%         3
 Portal Projectile        Hex/Tloc       0%         N/A       83%         3
 Swiftness                Air            0%         N/A       83%         3
 Tukima's Dance           Hex            0%         N/A       83%         3
 Leda's Liquefaction      Hex/Erth       0%         N/A       99%         4
 Passage of Golubria      Tloc           0%         N/A       99%         4
 Yara's Violent Unravell  Hex/Tmut       0%         3d3       100%        5
 Enfeeble                 Hex            0%         N/A       100%        7


Dungeon Overview and Level Annotations

Branches:
Dungeon (9/15)             Temple (1/1) D:4            Lair (3/5) D:9
 Shoals (0/4) Lair:3        Snake (0/4) Lair:3       Bailey (visited)
    Orc: D:9-12

Altars:
Cheibriados
Dithmenos
Fedhas
Gozag
Hepliaklqana
Kikubaaqudgha
Makhleb
Nemelex Xobeh
Okawaru
Qazlal
Ru
Sif Muna
Trog
Uskayaw
Vehumet
Wu Jian
Xom
Yredelemnul
Zin
The Shining One

Shops:
D:4 =   D:6 :   D:9 =(?**

Annotations:
D:3 1 runed translucent door, crux's ghost, amateur OpTm
D:5 1 runed translucent door, Crazy Yiuf
D:9 2 transporters, SweetAndFullOfGrace's ghost, journeyman MiBe


Innate Abilities, Weirdness & Mutations

You have a pair of horns on your head.
You reflexively headbutt those who attack you in melee.


Message History

You hit the boulder beetle but do no damage.
You headbutt the boulder beetle, but do no damage.
The boulder beetle bites you!
The centaur shoots an arrow.
The arrow closely misses you.
You hit the boulder beetle but do no damage.
The centaur shoots an arrow.
The arrow misses you.
The boulder beetle bites you but does no damage.
You hit the boulder beetle but do no damage.
You headbutt the boulder beetle, but do no damage.
The centaur shoots an arrow.
The arrow hits you! The arrow burns you.
You hit the boulder beetle. You burn the boulder beetle.
You headbutt the boulder beetle.
The boulder beetle is lightly wounded.
The boulder beetle misses you. You furiously retaliate!
You headbutt the boulder beetle!
The centaur shoots an arrow.
The arrow closely misses you.
You hit the boulder beetle but do no damage.
You headbutt the boulder beetle, but do no damage.
The boulder beetle is lightly wounded.
The centaur shoots an arrow.
The arrow completely misses you. The boulder beetle bites you!!
* * * LOW HITPOINT WARNING * * *
As you read the scroll of teleportation, it crumbles to dust.
You feel strangely unstable.
The centaur shoots an arrow.
The arrow hits you.
* * * LOW HITPOINT WARNING * * *
The arrow burns you.
* * * LOW HITPOINT WARNING * * *
The boulder beetle bites you!
* * * LOW HITPOINT WARNING * * *
The centaur shoots an arrow.
The arrow misses you.
You slash the plant!
The plant begins to die.
You burn the plant.
The plant is lightly damaged.
The centaur shoots an arrow.
The arrow hits you.
* * * LOW HITPOINT WARNING * * *
The arrow burns you.
* * * LOW HITPOINT WARNING * * *
The boulder beetle barely misses you.
The boulder beetle attacks as you move away!
The boulder beetle bites you!!
You die...

## P### ######.PP###
##.##........
#............
###..@B.....## .
#..P.P)..c......# .
#....P...P...... ...
#.........P..P.###....
#.P......P............
##.P....>.P......##....
#...........P.....##.#.
#...................#..
#...P....P..P..# ......


You could see a boulder beetle and a centaur.

Vanquished Creatures
  An orc high priest (Bailey)
  Pikel (D:7)
  A black mamba (shapeshifter) (D:9)
  Joseph (D:9)
  3 cane toads (Lair:1)
  A kobold demonologist (Bailey)
  3 komodo dragons
  A troll (D:9)
  2 hornets
  A shadow (D:9)
  12 yaks
  A wyvern (D:9)
  A steam dragon (D:7)
  Duvessa (D:7)
  5 water moccasins
  12 orc warriors
  3 sky beasts
  An ice beast (D:7)
  A black bear (D:7)
  An ogre (D:5)
  9 wolves
  4 centaurs
  A lemure (D:7)
  3 kobold brigands
  12 bullfrogs
  A necrophage (D:5)
  A gnoll sergeant (D:5)
  3 scorpions
  Dowan (D:7)
  6 electric eels
  2 howler monkeys
  A lava snake (D:7)
  A jelly (D:7)
  2 hounds (D:5)
  7 orc priests
  A gnoll bouda (D:4)
  Jessica (D:2)
  2 iguanas (D:6)
  7 orc wizards
  8 adders
  13 gnolls
  4 white imps
  2 ufetubi
  2 worms
  4 dart slugs
  38 orcs
  12 ball pythons
  7 endoplasms
  7 giant cockroaches
  24 goblins
  18 hobgoblins
  8 jackals
  3 quokkas
  7 bats
  3 frilled lizards
  24 kobolds
  5 rats
307 creatures vanquished.

Vanquished Creatures (others)
  5 fungi
  15 plants
20 creatures vanquished.

Grand Total: 327 creatures vanquished

Notes
Turn   | Place    | Note
-------+----------+-------------------------------------------
     0 | D:1      | fernweh the Minotaur Monk began the quest for the Orb.
     0 | D:1      | Reached XP level 1. HP: 19/19 MP: 0/0
   242 | D:1      | Reached XP level 2. HP: 27/27 MP: 1/1
   541 | D:1      | Found a faded altar of an unknown god.
   651 | D:1      | Reached skill level 4 in Long Blades
   948 | D:2      | Reached XP level 3. HP: 33/33 MP: 2/2
  1153 | D:2      | Noticed Jessica
  1157 | D:2      | Killed Jessica
  1158 | D:2      | Reached XP level 4. HP: 40/41 MP: 3/3
  1468 | D:2      | Found a stormy altar of Qazlal.
  1812 | D:3      | Found a runed translucent door.
  1909 | D:3      | Noticed crux's ghost (amateur OpTm)
  2007 | D:3      | Reached XP level 5. HP: 47/47 MP: 4/4
  2010 | D:3      | Reached skill level 5 in Long Blades
  2048 | D:3      | Found an iron altar of Okawaru.
  2854 | D:4      | Found a staircase to the Ecumenical Temple.
  2871 | Temple   | Entered the Ecumenical Temple
  3069 | D:4      | Reached skill level 5 in Fighting
  3069 | D:4      | Reached XP level 6. HP: 52/56 MP: 3/5
  3113 | D:4      | Reached skill level 6 in Long Blades
  3251 | D:4      | Reached skill level 1 in Armour
  3420 | D:3      | Reached skill level 5 in Dodging
  3649 | D:4      | Reached XP level 7. HP: 48/61 MP: 4/6
  3738 | D:4      | Found Feigieh's Jewellery Emporium.
  4018 | D:5      | Entered Level 5 of the Dungeon
  4109 | D:5      | Reached skill level 7 in Long Blades
  4704 | D:5      | Reached XP level 8. HP: 67/70 MP: 7/7
  4826 | D:5      | Reached skill level 8 in Long Blades
  4930 | D:5      | Found a runed translucent door.
  4931 | D:5      | Noticed Crazy Yiuf
  5128 | D:6      | Found a hazy altar of Hepliaklqana.
  5184 | D:6      | Found a blossoming altar of Fedhas.
  5337 | D:6      | Found Xeraid's Book Shop.
  5344 | D:6      | Found a bloodstained altar of Trog.
  5344 | D:6      | Found an ornate altar of the Wu Jian Council.
  5998 | D:7      | Reached skill level 9 in Long Blades
  6269 | D:7      | Noticed Duvessa
  6269 | D:7      | Noticed Dowan
  6278 | D:7      | Killed Duvessa
  6281 | D:7      | Killed Dowan
  6578 | D:7      | Reached skill level 5 in Armour
  6578 | D:7      | Reached XP level 9. HP: 19/79 MP: 0/8
  6814 | D:7      | Found a sacrificial altar of Ru.
  6907 | D:7      | Reached skill level 10 in Long Blades
  6993 | D:7      | Noticed Pikel
  7002 | D:7      | Killed Pikel
  7004 | D:7      | Found a hide-covered altar of Uskayaw.
  7164 | D:7      | Reached skill level 11 in Long Blades
  7180 | D:7      | Found a burning altar of Makhleb.
  7584 | D:8      | Found an ancient bone altar of Kikubaaqudgha.
  7622 | D:8      | Found a shimmering blue altar of Sif Muna.
  7990 | D:8      | Found a radiant altar of Vehumet.
  8184 | D:8      | Reached XP level 10. HP: 21/90 MP: 2/9
  8438 | D:8      | Found a glowing golden altar of the Shining One.
  8492 | D:8      | Became a worshipper of the Shining One
  8492 | D:8      | Reached * piety under the Shining One
  8492 | D:8      | Reached ** piety under the Shining One
  8495 | D:8      | Upgraded the game from 0.30-a0-629-gd54f4be4f7 to
                  | 0.30-a0-737-gf23d94013f
  8815 | D:9      | Reached skill level 12 in Long Blades
  8840 | D:9      | Found Nutuw's Assorted Antiques.
  8845 | D:9      | Found a staircase to the Lair.
  8849 | D:9      | Bought a jewelled leather armour for 224 gold pieces
  8849 | D:9      | Identified the +1 leather armour of the Garden {rN+} (You
                  | bought it in a shop on level 9 of the Dungeon)
  8971 | D:9      | Found Zierchan's Assorted Antiques.
  8977 | D:9      | Bought a jewelled cloak for 275 gold pieces
  8977 | D:9      | Identified the +1 cloak of Negoysaz {+Inv rElec SInv} (You
                  | bought it in a shop on level 9 of the Dungeon)
  9014 | D:9      | Noticed Joseph
  9021 | D:9      | Killed Joseph
  9027 | D:9      | Found Jyiffoid's Jewellery Shop.
  9043 | D:9      | Found Atir's Antique Weapon Shoppe.
  9055 | D:9      | Found a transporter.
  9056 | D:9      | Noticed a boulder beetle
  9056 | D:9      | Noticed SweetAndFullOfGrace's ghost (journeyman MiBe)
  9060 | D:9      | Noticed a white ugly thing
  9076 | D:9      | Found a flagged portal.
  9093 | Bailey   | Entered a bailey
  9256 | Bailey   | Found an iron altar of Okawaru.
  9256 | Bailey   | Noticed an orc high priest
  9268 | Bailey   | Killed an orc high priest
  9373 | Bailey   | Identified the +2 plate armour "Tutaxar" {Rampage rCorr
                  | Str+2 Dex-4}
  9423 | Bailey   | Reached skill level 13 in Long Blades
  9895 | Bailey   | Acquired the +2 pair of gloves of the Wild Haggis {rPois
                  | rC++ Str-2 SInv}
 10192 | D:9      | Noticed a black mamba
 10196 | D:9      | Killed a black mamba
 10221 | D:9      | Found Kysaroff's Magic Scroll Shop.
 10227 | D:9      | Reached XP level 11. HP: 99/99 MP: 10/10
 10301 | D:9      | Reached skill level 10 in Fighting
 10503 | D:9      | Found a transporter.
 10936 | Lair:1   | Entered Level 1 of the Lair of Beasts
 11065 | Lair:1   | Reached skill level 1 in Invocations
 11265 | Lair:1   | Identified the +1 plate armour "Vas Honu" {rC+ Str+4}
 11675 | Lair:1   | Acquired the amulet of the Shrike {Will+ Regen+}
 11922 | Lair:2   | You fall into a shaft and drop 1 floor!
 11922 | Lair:3   | Found a staircase to the Snake Pit.
 11960 | Lair:3   | Reached skill level 14 in Long Blades
 12025 | Lair:3   | Noticed a boulder beetle
 12027 | Lair:3   | Found a staircase to the Shoals.
 12052 | Lair:3   | Reached skill level 10 in Dodging
 12062 | Lair:3   | Slain by a boulder beetle

Illustrated notes

Levels and vault maps discovered:
D:1:      minmay_arrival_split_and_join, layout_rooms, serial_aquarium,
          aquarium_bridge_square [aquarium_subvault_wall,
          aquarium_subvault_bridge, aquarium_subvault_wall,
          aquarium_subvault_window], aquarium_window_1, aquarium_window_2,
          aquarium_window_corner, aquarium_view_2f, aquarium_pool_1,
          chequers_ecumenical_altar_simple, chequers_decorated_corner,
          nrook_mini_vaults, minmay_misc_feat_enclosed, minivault_27,
          minmay_nonomino_d4
D:2:      minmay_door_path, layout_rooms, basic_altar, serial_curves,
          eino_curves_04, eino_curves_04, minmay_misc_feat_pillars,
          minmay_fractal_squares_gapless_5, uniq_jessica
D:3:      layout_loops_ring, kennysheep_okawaru_gauntlet, ebering_ghost_sewer_d
D:4:      layout_loops_ring, minmay_temple_entry_crystal_x, serial_shops,
          nicolae_shop_statue_plus
D:5:      layout_cave_pools, uniq_crazy_yiuf_cottage
D:6:      layout_basic, mainiacjoe_overflow_concentric_impassable,
          nicolae_hepliaklqana_hazy_memory, grunt_temple_overflow_open,
          serial_shops, shop, minmay_misc_feat_hallway
D:7:      layout_basic, nicolae_uskayaw_dance_hall,
          nicolae_ru_great_annihilating_truth, nicolae_overflow_crystal_walls,
          amcnicky_mini_corridor_feature, minmay_misc_feat_more_columns,
          nicolae_lava_and_water, uniq_pikel, uniq_duvessa
D:8:      layout_rooms, mainiacjoe_overflow_24_doors, lemuel_round_altar,
          kennysheep_mini, vehumet_altar_wand_db
D:9:      layout_basic, lair_entry_dummy, enter_bailey_5, gammafunk_ghost_arena,
          serial_shops, nicolae_square_shop, nicolae_shop_behind_doors, shop,
          nicolae_stop_n_shop_1, shop, kennysheep_just_a_vault, uniq_joseph
Temple:   nicolae_temple_godpark
Lair:1:   layout_hall_layers, minivault_11, grunt_megastairs_4,
          serial_bayou_shore_a
Lair:2:   layout_chaotic_city, serial_bayou, serial_bayou_pond_e,
          serial_bayou_lagoon_b, serial_bayou_ford_a, serial_bayou_pond_e,
          hibernation_bobbens
Lair:3:   layout_gridlike, minmay_shoals_entry_centaurs, dummy_snake_entry,
          grunt_forest_large_clearings

Skill      XL: |  1  2  3  4  5  6  7  8  9 10 11 |
---------------+----------------------------------+-----
Fighting       | 4 5 6 7 8 9 10 | 10.8
Stealth        | 2 |  2.3
Long Blades    | 4 5 6 7 9 11 13 14 | 14.0
Dodging        | 4 5 6 8 9 10 | 10.0
Armour         | 1 3 5 6 8 9 |  9.4
Invocations    | 2 |  2.7

Action                     |  1- 3 |  4- 6 |  7- 9 | 10-12 || total
---------------------------+-------+-------+-------+-------++-------
  Melee: Falchion          |    60 |    87 |       |       ||   147
         Headbutt          |     9 |    25 |    42 |    56 ||   132
         Great sword       |       |    59 |   205 |    97 ||   361
         Long sword        |       |       |       |   117 ||   117
         Punch             |       |       |       |     3 ||     3
  Throw: Javelin           |       |       |    19 |    11 ||    30
         Boomerang         |       |       |       |     1 ||     1
 Invoke: Divine Shield     |       |       |       |     2 ||     2
  Evoke: Wand              |       |     5 |       |       ||     5
    Use: Scroll            |       |     3 |     5 |    15 ||    23
         Potion            |       |     2 |     1 |     1 ||     4
   Stab: Sleeping          |     5 |     5 |     3 |       ||    13
         Distracted        |     1 |       |     1 |       ||     2
         Paralysed         |       |       |     1 |       ||     1
 Armour: Robe              |     9 |    28 |    39 |       ||    76
         Leather armour    |       |       |       |    46 ||    46
  Dodge: Dodged            |    38 |   122 |   190 |   221 ||   571
  Block: Other             |       |       |       |     9 ||     9

Table legend: (Time is in decaauts)
 A = Elapsed time spent in this place.
 B = Non-inter-level travel time spent in this place.
 C = Inter-level travel time spent in this place.
 D = Time resting spent in this place.
 E = Time spent auto-exploring this place.
 F = Levels seen in this place.
 G = Mean time per level.
                   A        B        C        D        E       F      G
               +--------+--------+--------+--------+--------+-----+--------+
         Total |  12181 |  11649 |    532 |   1326 |   7186 |  14 |  870.1 |
       Dungeon |   9795 |   9263 |    532 |    849 |   6023 |   9 | 1088.3 |
        Temple |    163 |    163 |      0 |      0 |     62 |   1 |  163.0 |
          Lair |   1121 |   1121 |      0 |     61 |    689 |   3 |  373.7 |
        Bailey |   1101 |   1101 |      0 |    416 |    411 |   1 | 1101.0 |
               +--------+--------+--------+--------+--------+-----+--------+

Top non-repeatable levels by time:
     D:7: 1287 daAuts
     D:8: 1255 daAuts
     D:4: 1186 daAuts
     D:6: 1184 daAuts
     D:3: 1163 daAuts
  Bailey: 1101 daAuts
     D:9: 1074 daAuts
     D:1: 1028 daAuts
  Lair:1: 915 daAuts
     D:5: 837 daAuts
     D:2: 778 daAuts
  Temple: 163 daAuts
  Lair:3: 133 daAuts
  Lair:2: 72 daAuts
